 Seeded DCSS version 0.32-a0-818-gb728d0252e (webtiles) character file.

Game seed: 20240323 (custom seed)

11331 greenreed the Zephyrmancer (level 11, -19/66 HPs)
             Began as a Pale Draconian Air Elementalist on Mar 23, 2024.
             Was an Elder of Hepliaklqana.
             Demolished by a minotaur
             ... wielding a +1 vampiric trident
              (26 damage)
             ... in a Gauntlet.
             The game lasted 00:31:58 (12491 turns).

greenreed the Zephyrmancer (DrAE)                  Turns: 12491, Time: 00:31:59

Health: -19/66     AC: 10    Str: 11    XL:     11   Next: 47%
Magic:  5/34       EV: 13    Int: 23    God:    Hepliaklqana [****..]
Gold:   320        SH:  5    Dex: 11    Spells: 19/30 levels left

rFire   . . .        M - staff of conjuration
rCold   + . .        (no shield)
rNeg    . . .        (body armour unavailable)
rPois   .            t - +1 hat
rElec   .            g - +0 cloak
rCorr   +            D - +0 pair of gloves
SInv    .            (no boots)
Will    .....        q - amulet of reflection
Stlth   ++           N - ring "Igealaz" {rC+ rCorr MP+9 Int-3}
HPRegen 0.31/turn    F - +6 ring of intelligence
MPRegen 0.24/turn

%: no teleportation, reflection
@: very slightly contaminated
A: reduced essence, steam breath, AC +7, unfitting armour, cold-blooded, steam
resistance
a: Steam Breath, Renounce Religion, Recall Ancestor, Ancestor Identity,
Transference, Idealise


You were in a Gauntlet.
You worshipped Hepliaklqana.
Hepliaklqana was greatly pleased with you.
You visited 2 branches of the dungeon, and saw 13 of its levels.
You also visited: Gauntlet.

You collected 807 gold pieces.
You spent 487 gold pieces at shops.

Inventory:

Hand Weapons
 b - a +2 spear of venom
 P - a +1 spectral lajatang
Missiles
 y - 2 throwing nets
 O - 6 atropa-tipped darts
Armour
 g - a +0 cloak (worn)
 t - a +1 hat (worn)
 D - a +0 pair of gloves (worn)
Magical Staves
 M - a staff of conjuration (weapon)
Jewellery
 q - an amulet of reflection (around neck)
 u - an amulet of the acrobat
 E - a ring of see invisible
 F - a +6 ring of intelligence (right hand)
 N - the ring "Igealaz" (left hand) {rC+ rCorr MP+9 Int-3}
   (You found it in a Gauntlet)

   [ring of resist corrosion]

   Int-3:     It affects your intelligence (-3).
   rC+:       It protects you from cold.
   MP+9:      It affects your magic capacity (+9).
   rCorr:     It protects you from acid and corrosion.
 Q - the ring of Ybis {EV+5 Slay+2}
   (You found it in a Gauntlet)

   [ring of evasion]

   EV+5:      It affects your evasion (+5).
   Slay+2:    It affects your accuracy & damage with ranged weapons and melee
   (+2).
Wands
 p - a wand of charming (19)
 C - a wand of digging (6)
 K - a wand of polymorph (7)
Scrolls
 c - 4 scrolls of blinking {unknown}
 d - a scroll of fear {unknown}
 j - 4 scrolls of vulnerability {unknown}
 k - 7 scrolls of teleportation
 l - 3 scrolls of immolation {unknown}
 m - 8 scrolls of identify {unknown}
 o - 3 scrolls of enchant armour {unknown}
 v - 3 scrolls of revelation
 x - a scroll of silence {unknown}
 B - 3 scrolls of noise
 G - 2 scrolls of enchant weapon {unknown}
 I - a scroll of brand weapon {unknown}
 L - 3 scrolls of fog {unknown}
Potions
 a - a potion of magic
 e - 8 potions of curing
 f - 2 potions of heal wounds {unknown}
 h - 4 potions of lignification {unknown}
 i - 2 potions of might {unknown}
 n - 2 potions of enlightenment {unknown}
 r - a potion of haste {unknown}
 s - 3 potions of mutation
 w - a potion of cancellation {unknown}
 z - a potion of brilliance {unknown}
 A - a potion of invisibility {unknown}
 H - a potion of ambrosia {unknown}
 J - a potion of degeneration


   Skills:
 + Level 6.9 Dodging
 - Level 1.7 Stealth
 * Level 10.1 Spellcasting
 + Level 7.3 Conjurations
 * Level 12.1 Air Magic


You had 19 spell levels left.
You knew the following spells:

 Your Spells              Type           Power      Damage    Failure   Level
a - Shock                 Conj/Air       100%       1d9       1%          1
b - Swiftness             Air            61%        N/A       1%          3
c - Airstrike             Air            30%        2d(5-21)  1%          4
d - Mephitic Cloud        Conj/Alch/Air  58%        N/A       1%          3

Your spell library contained the following spells:

 Spells                   Type           Power      Damage    Failure   Level
 Kiss of Death            Conj/Necr      100%       2d13      1%          1
 Mercury Vapours          Alch/Air       78%        N/A       1%          2
 Static Discharge         Conj/Air       100%       3-8/arc   1%          2
 Vhi's Electric Charge    Tloc/Air       78%        N/A       4%          4
 Slow                     Hex            44%        N/A       5%          1
 Freezing Cloud           Conj/Ice/Air   29%        6-21      11%         5
 Flame Wave               Conj/Fire      43%        2d11      12%         4
 Call Canine Familiar     Summ           11%        N/A       17%         3
 Confusing Touch          Hex            11%        N/A       17%         3
 Frozen Ramparts          Ice            22%        1d4       17%         3
 Inner Flame              Hex/Fire       11%        N/A       17%         3
 Ozocubu's Armour         Ice            11%        N/A       17%         3
 Sigil of Binding         Hex            11%        N/A       17%         3
 Vampiric Draining        Necr           11%        2d6       17%         3
 Irradiate                Conj/Alch      21%        3d18      34%         5
 Dimensional Bullseye     Hex/Tloc       5%         N/A       50%         4
 Dispel Undead            Necr           11%        3d9       50%         4
 Sticky Flame             Fire/Alch      11%        2d5       50%         4
 Metabolic Englaciation   Hex/Ice        5%         N/A       83%         5
 Maxwell's Capacitive Co  Air            30%        ∞         94%         8
 Disjunction              Tloc           5%         N/A       100%        8
 Ignition                 Fire           5%         3d4       100%        8


Dungeon Overview and Level Annotations

Branches:
Dungeon (12/15)            Temple (1/1) D:5            Lair (0/5) D:9
    Orc (0/2) D:9         Gauntlet (1/1)

Altars:
Ashenzari
Cheibriados
Dithmenos
Elyvilon
Fedhas
Gozag
Hepliaklqana
Kikubaaqudgha
Makhleb
Nemelex Xobeh
Okawaru
Qazlal
Ru
Sif Muna
Trog
Uskayaw
Vehumet
Wu Jian
Xom
Yredelemnul
Zin
The Shining One

Shops:
D:8 ?   D:9 (***(

Annotations:
Gauntlet 8 transporters


Innate Abilities, Weirdness & Mutations

Your life essence is reduced to manifest your ancestor. (-10% HP)
You can breathe blasts of scalding, opaque steam.
Your pale cyan-grey scales are hard. (AC +7)
You cannot fit into any form of body armour.
You are cold-blooded and may be slowed by cold attacks.
You are immune to the effects of steam.


Message History

Aim: a minotaur, wielding a +1 vampiric trident, wearing a +2 ring mail of cold resistance and quivering javelins (severely wounded, confused, empty space bonus: 4/8)
The air twists around and strikes the minotaur!
The minotaur is severely wounded.
Casting: Airstrike (safe; 1% risk of failure)
Confirm with . or Enter, or press ? or * to list all spells.
Aiming: Airstrike (safe; 1% risk of failure)
Press: ? - help, Dir - move target, f/p - minotaur
Aim: a minotaur, wielding a +1 vampiric trident, wearing a +2 ring mail of cold resistance and quivering javelins (severely wounded, confused, empty space bonus: 3/8)
The air twists around and strikes the minotaur but does no damage.
The minotaur closely misses you. The minotaur gores you.
Unknown command.
The minotaur seems less confused.
The minotaur hits you from afar with a +1 vampiric trident!!
Ouch! That really hurt!
The minotaur draws strength from your wounds!
Casting: Airstrike (safe; 1% risk of failure)
Confirm with . or Enter, or press ? or * to list all spells.
Aiming: Mephitic Cloud (safe; 1% risk of failure)
Press: ? - help, Shift-Dir - straight line, f/p - minotaur
Aim: a minotaur, wielding a +1 vampiric trident, wearing a +2 ring mail of cold resistance and quivering javelins (moderately wounded, chance to affect: 34%)
You feel a surge of power!
You miscast Mephitic Cloud.
You are very lightly contaminated with residual magic.
Nothing appears to happen.
The minotaur throws a javelin.
The javelin pierces through you!!
* * * LOW HITPOINT WARNING * * *
Unknown command.
Unknown command.
Unknown command.
Casting: Mephitic Cloud (safe; 1% risk of failure)
Confirm with . or Enter, or press ? or * to list all spells.
Aiming: Mephitic Cloud (safe; 1% risk of failure)
Press: ? - help, Shift-Dir - straight line, f/p - minotaur
Aim: a minotaur, wielding a +1 vampiric trident, wearing a +2 ring mail of cold resistance and quivering javelins (moderately wounded, chance to affect: 34%)
You feel a surge of power!
The ball explodes into a vile cloud!
The stinking cloud engulfs the minotaur.
The minotaur is moderately wounded.
The minotaur is engulfed in noxious fumes.
The minotaur hits you from afar with a +1 vampiric trident!!
You die...
Hepliaklqana delivers you to your ancestors.

#.©#..§#..#...#######
##.##..#..#.ß.##....#
.#.....#..#...##.##.#
.##.##.#..#.ß....##.#
.†.....#..#...##.##.#
########..#...##....# #
.........≈#.©.##.##.#.#
.........∩#......##.'..H∩≈#
.........≈#.©.##@##.#.#.≈≈#
########..#...##.§H.#.# ≈#
#^#.#.^#..#...##.##§# #
.##...^#..#.ß....##.#
#.#.##h#..#...##.##.#
#.###.)#..#.ß.##....#
.####.h#..#§§§####
#.####.#..#§ß≈#
#.....##..#####


You could see a minotaur.

Vanquished Creatures
  A two-headed ogre (D:10)
  Nergalle (D:10)
  A deep elf pyromancer (D:12)
  An apocalypse crab (Gauntlet)
  A troll (D:9)
  A polar bear (D:9)
  4 yaks (D:9)
  A wyvern (D:9)
  A basilisk (D:11)
  2 hogs (D:12)
  A steam dragon (D:7)
  An acid dragon (D:9)
  2 hell hounds (Gauntlet)
  An orc warrior (D:9)
  A sky beast (D:7)
  A black bear (D:4)
  3 ogres
  3 wolves (D:9)
  6 centaurs
  2 kobold brigands (D:8)
  A bullfrog (D:7)
  4 scorpions
  5 wights (D:7)
  9 killer bees
  A howler monkey (D:5)
  2 bombardier beetles
  2 hounds
  2 orc priests
  A gnoll bouda (D:10)
  2 iguanas (D:4)
  3 sleepcaps
  A knight (Gauntlet)
  6 orc wizards
  9 gnolls
  An adder (D:3)
  A white imp (D:5)
  A ribbon worm (D:3)
  A dart slug (D:2)
  20 orcs
  4 bats
  10 endoplasms
  2 giant cockroaches
  18 goblins
  10 hobgoblins
  4 jackals (D:1)
  6 quokkas
  6 ball pythons
  3 frilled lizards
  14 kobolds
  3 rats
187 creatures vanquished.

Vanquished Creatures (collateral kills)
  Kirke (D:12)
  A hell beast (Gauntlet)
  Maurice (D:10)
  A gargoyle (D:12)
  An unseen horror (D:12)
  A rime drake (D:9)
  5 yaks
  A hog (D:12)
  An acid dragon (D:9)
  An ice beast (D:9)
  A bullfrog (D:9)
  3 wights (D:7)
  4 killer bees
  2 hounds
  2 orc priests (D:10)
  An iguana (D:7)
  An orc wizard (D:10)
  A gnoll (D:10)
  A white imp (D:7)
  2 orcs
  A kobold (D:8)
33 creatures vanquished.

Vanquished Creatures (others)
  3 humans (D:12)
  3 knights
6 creatures vanquished.

Grand Total: 226 creatures vanquished

Notes
Turn   | Place    | Note
-------+----------+-------------------------------------------
     0 | D:1      | greenreed the Draconian Air Elementalist began the quest
                  | for the Orb.
     0 | D:1      | Reached XP level 1. HP: 14/14 MP: 3/3
   320 | D:1      | Reached XP level 2. HP: 20/20 MP: 0/5
   759 | D:1      | Got the Octavo of the Thirsty Geomancers
  1138 | D:2      | Reached XP level 3. HP: 26/26 MP: 2/6
  2380 | D:3      | Reached XP level 4. HP: 33/33 MP: 5/8
  3028 | D:3      | Reached skill level 4 in Air Magic
  3730 | D:4      | Reached XP level 5. HP: 38/38 MP: 3/9
  3951 | D:4      | Noticed a black bear
  3972 | D:4      | Killed a black bear
  3980 | D:4      | Reached XP level 6. HP: 11/45 MP: 1/11
  4115 | D:4      | Found a shimmering altar of Xom.
  4138 | D:4      | Found a glowing golden altar of the Shining One.
  4328 | D:4      | Found an ornate altar of the Wu Jian Council.
  4604 | D:4      | Found a sparkling altar of Nemelex Xobeh.
  4677 | D:4      | Reached skill level 5 in Air Magic
  4761 | D:5      | Entered Level 5 of the Dungeon
  4808 | D:5      | Your scales start taking on a pale cyan-grey colour.
  4808 | D:5      | Reached XP level 7. HP: 50/50 MP: 7/13
  4808 | D:5      | Gained mutation: You are immune to the effects of steam.
                  | [Pale Draconian growth]
  4814 | D:5      | Reached skill level 6 in Air Magic
  5264 | D:5      | Reached skill level 5 in Spellcasting
  5328 | D:5      | Found a staircase to the Ecumenical Temple.
  5337 | Temple   | Entered the Ecumenical Temple
  5364 | Temple   | Became a worshipper of Hepliaklqana the Forgotten
  5897 | D:6      | Reached XP level 8. HP: 57/57 MP: 9/16
  5903 | D:6      | Learned a level 3 spell: Swiftness
  6046 | D:6      | Reached * piety under Hepliaklqana
  6144 | D:6      | Found a snail-covered altar of Cheibriados.
  6159 | D:6      | Reached skill level 7 in Air Magic
  6216 | D:6      | You fall into a shaft and drop 2 floors!
  6321 | D:8      | Learned a level 4 spell: Airstrike
  6440 | D:7      | Found a radiant altar of Vehumet.
  6922 | D:7      | Reached skill level 8 in Air Magic
  7032 | D:7      | Reached ** piety under Hepliaklqana
  7033 | D:7      | Remembered your ancestor Isauxag as a knight
  7075 | D:7      | Reached XP level 9. HP: 55/55 MP: 14/18
  7843 | D:8      | Found Palacw's Magic Scroll Shop.
  7850 | D:8      | Bought a scroll of revelation for 97 gold pieces
  7850 | D:8      | Bought a scroll of teleportation for 39 gold pieces
  7864 | D:8      | Found a stormy altar of Qazlal.
  8102 | D:8      | Found a basalt altar of Yredelemnul.
  8172 | D:8      | Found a bloodstained altar of Trog.
  8271 | D:9      | Noticed a troll
  8276 | D:9      | Killed a troll
  8277 | D:9      | Reached skill level 5 in Conjurations
  8344 | D:9      | Found a broken altar of Ashenzari.
  8378 | D:9      | Reached skill level 5 in Dodging
  8378 | D:9      | Reached skill level 9 in Air Magic
  8703 | D:9      | Found a staircase to the Lair.
  8711 | D:9      | Noticed a polar bear
  8719 | D:9      | Killed a polar bear
  8720 | D:9      | Reached XP level 10. HP: 62/62 MP: 12/22
  8734 | D:9      | Reached skill level 10 in Air Magic
  8928 | D:9      | Found a staircase to the Orcish Mines.
  8954 | D:9      | Found Kuamp's Antique Weapon Shop.
  9187 | D:9      | Found an iron altar of Okawaru.
  9202 | D:9      | Found Gimaarusi's Assorted Antiques.
  9331 | D:9      | Found Heddaorgh's Weapon Boutique.
  9484 | D:9      | Found Qetoeqog's General Store.
  9493 | D:9      | Bought a book of Vapours for 286 gold pieces
  9566 | D:9      | Found Binkuep's General Store.
  9574 | D:9      | Bought a potion of curing for 39 gold pieces
  9574 | D:9      | Bought a potion of degeneration for 13 gold pieces
  9574 | D:9      | Bought a scroll of noise for 13 gold pieces
  9627 | D:10     | Entered Level 10 of the Dungeon
  9627 | D:10     | Noticed Nergalle
  9633 | D:10     | HP: 1/58 [spectral orc knight/+0 halberd[Nergalle] (3)]
 10500 | D:10     | Reached *** piety under Hepliaklqana
 10841 | D:10     | Learned a level 3 spell: Mephitic Cloud
 10859 | D:10     | Noticed Maurice
 10865 | D:10     | Killed Maurice
 10868 | D:10     | Reached skill level 11 in Air Magic
 11078 | D:10     | Noticed a two-headed ogre
 11084 | D:10     | Killed a two-headed ogre
 11344 | D:10     | Killed Nergalle
 11511 | D:11     | Reached XP level 11. HP: 66/66 MP: 14/24
 11587 | D:11     | Noticed a boulder beetle
 11661 | D:12     | Noticed Kirke
 11677 | D:12     | Noticed a lindwurm
 11684 | D:12     | Killed Kirke
 11824 | D:12     | Noticed a deep elf pyromancer
 11830 | D:12     | Killed a deep elf pyromancer
 11839 | D:12     | Found a gate leading to a gauntlet.
 11862 | Gauntlet | Entered a Gauntlet
 11862 | Gauntlet | Noticed a hell beast
 11862 | Gauntlet | Found a transporter.
 11862 | Gauntlet | Found a transporter.
 11862 | Gauntlet | Found a transporter.
 11878 | Gauntlet | Noticed a death scarab
 11886 | Gauntlet | Found a transporter.
 11889 | Gauntlet | Found a transporter.
 11899 | Gauntlet | Found a transporter.
 11966 | Gauntlet | Found a transporter.
 11976 | Gauntlet | Found a transporter.
 11991 | Gauntlet | Found a transporter.
 11995 | Gauntlet | Noticed a shining eye
 12001 | Gauntlet | Found a transporter.
 12013 | Gauntlet | Reached **** piety under Hepliaklqana
 12016 | Gauntlet | Found a transporter.
 12022 | Gauntlet | Found a transporter.
 12208 | Gauntlet | Reached skill level 10 in Spellcasting
 12218 | Gauntlet | Killed a hell beast
 12219 | Gauntlet | Reached skill level 12 in Air Magic
 12344 | Gauntlet | Identified the ring "Igealaz" {rC+ rCorr MP+9 Int-3}
 12428 | Gauntlet | Identified the ring of Ybis {EV+5 Slay+2}
 12472 | Gauntlet | Noticed a minotaur
 12491 | Gauntlet | Demolished by a minotaur

Illustrated notes

Levels and vault maps discovered:
D:1:      psy_arrival_conway, layout_rooms, corexii_leaking_fountain
D:2:      kennysheep_the_goblin_king, layout_basic
D:3:      layout_basic, minmay_misc_feat_encased
D:4:      layout_basic, amcnicky_altar_gilded, xom_butterflies,
          mainiacjoe_overflow_tiny_flanked, nemelex_dance_club_becter,
          hellmonk_no_cap
D:5:      layout_cave_pools, minmay_temple_entry_crystal_x
D:6:      layout_cave_pools, mainiacjoe_overflow_boulevard
D:7:      layout_basic, mainiacjoe_overflow_six_doors_small
D:8:      layout_basic, trog_hazing_becter, nicolae_qazlal_eye_of_the_storm,
          kennysheep_mini_moat, serial_shops, shop
D:9:      layout_long_grid, hellmonk_okawaru_the_only_friend_you_need,
          evilmike_ruin_ashenzari, hellmonk_lair_entry_icy, serial_shops, shop,
          nicolae_shop_behind_doors, shop, shop,
          nicolae_shop_temple_entry_statues_fountains
D:10:     layout_loops_corners, uniq_nergalle, uniq_maurice
D:11:     minmay_sliced_demisemicircle, layout_cave_pools, serial_rivers,
          chequers_serial_rivers_room_b, chequers_serial_rivers_micro_c,
          chequers_serial_rivers_small_3, chequers_serial_rivers_room_b,
          chequers_serial_rivers_room_a, chequers_serial_rivers_large_b
D:12:     layout_roguey, gauntlet_entry_generic, uniq_nessos, uniq_azrael,
          uniq_kirke
Temple:   grunt_temple_mini_profane
Gauntlet: gammafunk_gauntlet_shortcut [nicolae_gauntlet_arena_t_cross,
          nicolae_gauntlet_arena_grate_2, nicolae_gauntlet_arena_blocks,
          gammafunk_gauntlet_arena_corners, gammafunk_gauntlet_arena_hedges,
          gammafunk_gauntlet_arena_mazey, gauntlet_exit_watery]

Skill      XL: |  1  2  3  4  5  6  7  8  9 10 11 |
---------------+----------------------------------+-----
Dodging        | 2 3 4 5 6 |  6.9
Spellcasting   | 3 4 5 6 8 9 10 | 10.1
Air Magic      | 4 5 6 8 9 11 12 | 12.1
Conjurations   | 2 3 4 5 6 7 |  7.3
Stealth        | |  1.7

Action                     |  1- 3 |  4- 6 |  7- 9 | 10-12 || total
---------------------------+-------+-------+-------+-------++-------
  Melee: Spear             |    34 |    31 |    42 |    25 ||   132
         Tailslap          |     2 |     4 |     4 |     3 ||    13
         Staff             |       |       |       |     6 ||     6
   Cast: Shock             |    90 |    92 |   196 |   114 ||   492
         Airstrike         |       |       |     4 |    36 ||    40
         Mephitic Cloud    |       |       |       |     7 ||     7
 Invoke: Recall Ancestor   |       |       |     3 |     3 ||     6
         Ancestor Life: Kn |       |       |     1 |       ||     1
Ability: Steam Breath      |       |       |     6 |     3 ||     9
 Armour: Skin              |    13 |    19 |    44 |    67 ||   143
  Dodge: Dodged            |    22 |    13 |    33 |    40 ||   108
  Block: Other             |       |     6 |    15 |    14 ||    35
         Reflection        |       |     1 |     4 |     3 ||     8

Table legend: (Time is in decaauts)
 A = Elapsed time spent in this place.
 B = Non-inter-level travel time spent in this place.
 C = Inter-level travel time spent in this place.
 D = Time resting spent in this place.
 E = Time spent auto-exploring this place.
 F = Levels seen in this place.
 G = Mean time per level.
                   A        B        C        D        E       F      G
               +--------+--------+--------+--------+--------+-----+--------+
         Total |  12518 |  12065 |    453 |    726 |   9606 |  14 |  894.1 |
       Dungeon |  11828 |  11421 |    407 |    567 |   9414 |  12 |  985.7 |
        Temple |     49 |      3 |     46 |      0 |      0 |   1 |   49.0 |
      Gauntlet |    640 |    640 |      0 |    159 |    192 |   1 |  640.0 |
               +--------+--------+--------+--------+--------+-----+--------+

Top non-repeatable levels by time:
     D:3: 1648 daAuts
     D:9: 1548 daAuts
    D:10: 1458 daAuts
     D:7: 1182 daAuts
     D:4: 1064 daAuts
     D:2: 1054 daAuts
     D:1: 1001 daAuts
     D:8: 999 daAuts
     D:5: 965 daAuts
Gauntlet: 640 daAuts
     D:6: 550 daAuts
    D:12: 253 daAuts
    D:11: 102 daAuts
  Temple: 49 daAuts
